 Dungeon Crawl Stone Soup version 0.21.1-1-g345015fe64 (webtiles) character file.

625 Ashiichan the Ogre Mage (level 7, -6/59 HPs)
             Began as an Ogre Fire Elementalist on June 7, 2018.
             Was an Initiate of Makhleb.
             Mangled by Sigmund
             ... wielding a +2 scythe of protection
              (12 damage)
             ... on level 6 of the Dungeon.
             The game lasted 00:13:52 (5649 turns).

Ashiichan the Ogre Mage (Ogre Fire Elementalist)    Turns: 5649, Time: 00:13:52

Health: -6/59      AC:  3    Str: 13    XL:     7   Next: 47%
Magic:  11/16      EV: 10    Int: 18    God:    Makhleb [......]
Gold:   195        SH:  0    Dex:  9    Spells: 8/18 levels left

rFire    . . .     SeeInvis .   x - +2 flail (protect)
rCold    . . .     Gourm    .   (no shield)
rNeg     . . .     Faith    .   a - +0 robe
rPois    .         Spirit   .   (helmet restricted)
rElec    .         Reflect  .   (no cloak)
rCorr    .         Harm     .   (gloves unavailable)
MR       .....                  (boots unavailable)
Stlth    +.........             (no amulet)
HPRegen  0.19/turn              (no ring)
MPRegen  0.15/turn              (no ring)

@: lethally poisoned (-6 -> -8)
A: large, unfitting armour, tough skin 1
a: Renounce Religion


You were on level 6 of the Dungeon.
You worshipped Makhleb.
Makhleb was noncommittal.
You were not hungry.

You visited 2 branches of the dungeon, and saw 7 of its levels.

You collected 195 gold pieces.

Inventory:

Hand Weapons
 t - a +3 blowgun
 x - a +2 flail of protection (weapon)
Missiles
 u - 9 poisoned needles
Armour
 a - a +0 robe (worn)
 d - a +2 buckler of protection
 k - a +2 hat
 l - a +0 plate armour
 B - a +0 cloak
Jewellery
 r - an uncursed ring of resist corrosion {unknown}
Wands
 v - a wand of polymorph (16)
Scrolls
 f - 4 scrolls of teleportation {unknown}
 g - a scroll of fog {unknown}
 h - 5 scrolls of enchant armour {unknown}
 j - a scroll of blinking {unknown}
 n - 2 scrolls of noise {unknown}
 o - 3 scrolls of identify {unknown}
 p - a scroll of immolation {unknown}
 w - 2 scrolls of random uselessness {unknown}
 y - a scroll of enchant weapon {unknown}
 A - a scroll of amnesia {unknown}
Potions
 e - 2 potions of haste {unknown}
 i - a potion of flight {unknown}
 m - a potion of mutation {unknown}
 q - 2 potions of agility {unknown}
 s - a potion of degeneration {unknown}
 z - a potion of cancellation {unknown}
Books
 b - a book of Flames

   Spells                             Type                      Level
   a - Flame Tongue                   Conjuration/Fire             1
   b - Throw Flame                    Conjuration/Fire             2
   c - Conjure Flame                  Conjuration/Fire             3
   d - Inner Flame                    Hexes/Fire                   3
   e - Sticky Flame                   Conjuration/Fire             4
   f - Fireball                       Conjuration/Fire             5
Comestibles
 c - 3 rations


   Skills:
 - Level 1.7 Dodging
 - Level 1.4 Stealth
 - Level 6.0 Spellcasting
 + Level 2.4 Conjurations
 + Level 5.6 Fire Magic


You had 8 spell levels left.
You knew the following spells:

 Your Spells              Type           Power        Failure   Level  Hunger
a - Flame Tongue          Conj/Fire      ###..        2%          1    None
b - Throw Flame           Conj/Fire      ###...       3%          2    None
c - Conjure Flame         Conj/Fire      ###.....     7%          3    ##.....
d - Sticky Flame          Conj/Fire      ###.....     22%         4    ####...


Dungeon Overview and Level Annotations

Branches:
Dungeon (6/15)             Temple (1/1) D:4

Altars:
Dithmenos
Elyvilon
Fedhas
Makhleb
Sif Muna
Xom
Zin

Annotations:
D:5 Blork the orc
D:6 Sigmund


Innate Abilities, Weirdness & Mutations

You are too large for most types of armour.
You have tough skin. (AC +1)


Message History

You feel sick.
You feel sick.
You hear the rusting of a distant drain.
The adder bites you but does no damage.
You feel sick.
You feel sick. The adder closely misses you.
You feel sick. The adder closely misses you.
You feel sick.
There is a stone staircase leading down here.
Casting: Flame Tongue
Confirm with . or Enter, or press ? or * to list all spells.
Aiming: Flame Tongue
Press: ? - help, Shift-Dir - straight line, f/p - adder
Aim: an adder (severely wounded)
The flame tongue hits the adder.
You kill the adder!
Makhleb accepts your kill. Something hits you!
You die...

#.. #.# ###############.#
####.............#.#
#....####...@†...#.##
#...................# .
#...####........##..#######..
#..## #.....................
#..# #........###.#####....
#..#####........# #.# .....
#......#........# #.. ......
#.####.#.######## ######.....
#. #.#.# ##....


There were no monsters in sight!

Vanquished Creatures
  A scorpion (D:4)
  2 crimson imps
  2 hounds
  2 bullfrog zombies
  2 orc priests
  Jessica (D:3)
  A centaur skeleton (D:5)
  An orc wizard (D:4)
  4 worker ants
  A worker ant zombie (D:6)
  5 adders
  A gnoll (D:1)
  An adder skeleton (D:4)
  A worm (D:2)
  A dart slug (D:1)
  4 leopard geckos
  9 orcs
  4 giant cockroaches
  8 goblins
  5 hobgoblins
  7 jackals
  6 kobolds
  A quokka (D:4)
  A ball python (D:4)
  10 bats
  2 frilled lizards
  A quokka zombie (D:6)
  5 rats
89 creatures vanquished.

Notes
Turn   | Place    | Note
-------+----------+-------------------------------------------
     0 | D:1      | Ashiichan the Ogre Fire Elementalist began the quest for the Orb.
     0 | D:1      | Reached XP level 1. HP: 16/16 MP: 3/3
   368 | D:1      | Reached XP level 2. HP: 23/24 MP: 3/5
   482 | D:1      | Reached skill level 3 in Spellcasting
   527 | D:1      | Learned a level 2 spell: Throw Flame
   624 | D:1      | Reached XP level 3. HP: 31/31 MP: 0/7
  2150 | D:2      | Found a deep blue altar of Sif Muna.
  2481 | D:3      | Reached XP level 4. HP: 39/39 MP: 6/9
  2695 | D:3      | Noticed Jessica
  2697 | D:3      | Killed Jessica
  2697 | D:3      | Reached skill level 4 in Spellcasting
  2782 | D:3      | Reached XP level 5. HP: 35/45 MP: 5/11
  3782 | D:4      | Reached skill level 5 in Spellcasting
  3824 | D:4      | Reached XP level 6. HP: 53/53 MP: 7/13
  4221 | D:4      | Reached skill level 5 in Fire Magic
  4243 | D:4      | HP: 2/53 [poisoned by a worker ant]
  4251 | D:4      | HP: 2/53 [poisoned by a worker ant]
  4617 | D:4      | Found a shadowy altar of Dithmenos.
  4682 | D:4      | Noticed a two-headed ogre
  4786 | D:4      | Reached skill level 1 in Conjurations
  4846 | D:4      | Found a staircase to the Ecumenical Temple.
  4927 | Temple   | Entered the Ecumenical Temple
  4945 | Temple   | Became a worshipper of Makhleb the Destroyer
  5034 | D:5      | Entered Level 5 of the Dungeon
  5039 | D:5      | Learned a level 3 spell: Conjure Flame
  5044 | D:5      | Learned a level 4 spell: Sticky Flame
  5051 | D:5      | Noticed a troll
  5088 | D:5      | Reached XP level 7. HP: 59/59 MP: 11/15
  5185 | D:5      | Reached skill level 6 in Spellcasting
  5489 | D:5      | Noticed Blork the orc
  5627 | D:6      | Noticed Sigmund
  5649 | D:6      | Mangled by Sigmund

Skill      XL: |  1  2  3  4  5  6  7 |
---------------+----------------------+-----
Fire Magic     | 3 4 5 |  5.6
Spellcasting   | 3 4 5 6 |  6.0
Conjurations   | 1 2 |  2.4
Dodging        | |  1.7
Stealth        | |  1.4

Action                   |  1- 3 |  4- 6 |  7- 9 || total
-------------------------+-------+-------+-------++-------
Melee: Unarmed           |     9 |       |       ||     9
       Flail             |       |     8 |    35 ||    43
 Cast: Flame Tongue      |    35 |   101 |    36 ||   172
       Throw Flame       |    25 |    21 |    10 ||    56
  Eat: Ration            |     1 |     2 |     1 ||     4
       Chunk             |     1 |     3 |       ||     4
Armor: Robe              |     6 |    16 |    26 ||    48
Dodge: Dodged            |    11 |    35 |    35 ||    81
